 Seeded DCSS version 0.29-a0-234-g0dae59b3db (webtiles) character file.

Game seed: 558204171025731220 (custom seed)

10627 hikkokomori the Protected (level 11, -7/89 HPs)
             Began as a Human Fighter on Mar 1, 2022.
             Was a Priest of Nemelex Xobeh.
             Mangled by Gastronok the shard shrike (8 damage)
             ... on level 1 of the Lair of Beasts on Mar 2, 2022.
             The game lasted 00:39:42 (15296 turns).

hikkokomori the Protected (Human Fighter)          Turns: 15296, Time: 00:39:43

Health: -7/89      AC: 18    Str: 22    XL:     11   Next: 96%
Magic:  15/17      EV:  9    Int:  8    God:    Nemelex Xobeh [***...]
Gold:   602        SH:  5    Dex:  9    Spells: 9/10 levels left

rFire   + + +      SeeInvis .   K - +5 scimitar (flame)
rCold   + . .      Faith    +   c - +0 buckler
rNeg    + . .      Spirit   .   M - +5 scale mail of the Onion {Contam rElec Will++}
rPois   +          Reflect  .   O - +1 helmet
rElec   +          Harm     .   B - +0 cloak
rCorr   .          Rampage  .   S - +0 pair of gloves
Will    ++...                   (no boots)
Stlth   ++........              e - amulet "Fateduy" {Faith rElec rPois rF+++ Dex-3, tmbrdr}
HPRegen 0.24/turn               i - ring of protection from cold
MPRegen 0.15/turn               j - ring of positive energy

@: about to teleport, studying Crossbows
A: no striking features
a: Renounce Religion, Draw Escape, Draw Destruction, Draw Summoning, Triple Draw


You were on level 1 of the Lair of Beasts.
You worshipped Nemelex Xobeh.
Nemelex Xobeh was most pleased with you.
You visited 3 branches of the dungeon, and saw 12 of its levels.

You collected 602 gold pieces.

Inventory:

Hand Weapons
 a - a +0 long sword
 h - a +2 whip of electrocution
 q - a +0 falchion of electrocution
 K - a +5 scimitar of flaming (weapon)
Missiles
 u - 2 curare-tipped darts (quivered)
 v - 16 poisoned darts
 J - 5 throwing nets
Armour
 b - a +0 scale mail
 c - a +0 buckler (worn)
 s - a +0 chain mail
 B - a +0 cloak (worn)
 M - the +5 scale mail of the Onion (worn) {Contam rElec Will++}
   (You found it on level 7 of the Dungeon)

   rElec:     It insulates you from electricity.
   Contam:    It causes magical contamination when unequipped.
   Will:      It greatly increases your willpower.
 O - a +1 helmet (worn)
 S - a +0 pair of gloves (worn)
Jewellery
 e - the amulet "Fateduy" (around neck) {Faith rElec rPois rF+++ Dex-3, tmbrdr}
   (You acquired it on level 1 of the Dungeon)

   [amulet of faith]

   It allows you to gain divine favour quickly.
   Dex:       It affects your dexterity (-3).
   rF:        It renders you almost immune to fire.
   rElec:     It insulates you from electricity.
   rPois:     It protects you from poison.
 i - a ring of protection from cold (left hand)
 j - a ring of positive energy (right hand)
 t - a ring of fire
 D - an amulet of regeneration
 F - a ring of poison resistance
Wands
 L - a wand of flame (9)
 P - a wand of iceblast (3)
 Q - a wand of paralysis (1)
Scrolls
 g - a scroll of teleportation
 l - a scroll of vulnerability
 C - a scroll of immolation
 G - a scroll of amnesia
Potions
 d - 2 potions of cancellation
 f - 2 potions of brilliance
 k - 3 potions of flight
 m - a potion of haste {unknown}
 n - a potion of mutation {unknown}
 o - a potion of attraction {unknown}
 w - a potion of lignification {unknown}
 E - a potion of berserk rage {unknown}
 H - 2 potions of resistance
 I - 2 potions of invisibility {unknown}
 N - 3 potions of curing
 R - 2 potions of might


   Skills:
 + Level 9.3 Fighting
 + Level 4.8 Long Blades
 - Level 5.1 Maces & Flails
 + Level 9.3 Armour
 - Level 6.0 Stealth
 - Level 5.5 Shields
 + Level 8.0 Invocations
 - Level 4.4 Evocations


You had 9 spell levels left.
You knew the following spells:

 Your Spells              Type           Power      Damage    Failure   Level
a - Apportation           Tloc           0%         N/A       77%         1

Your spell library contained the following spells:

 Spells                   Type           Power      Damage    Failure   Level
 Animate Skeleton         Necr           0%         N/A       77%         1
 Freeze                   Ice            0%         1d3       77%         1
 Magic Dart               Conj           0%         1d3       77%         1
 Summon Small Mammal      Summ           0%         N/A       77%         1
 Searing Ray              Conj           0%         2d4       88%         2
 Static Discharge         Conj/Air       0%         N/A       88%         2
 Dazzling Flash           Conj/Hex       0%         N/A       98%         3
 Frozen Ramparts          Ice            0%         1d2       98%         3
 Dispel Undead            Necr           0%         3d6       100%        4
 Fulminant Prism          Conj/Hex       0%         3d6       100%        4
 Hailstorm                Conj/Ice       0%         3d3       100%        4
 Passage of Golubria      Tloc           0%         N/A       100%        4
 Sticky Flame             Conj/Fire      0%         2d3       100%        4
 Summon Ice Beast         Ice/Summ       0%         N/A       100%        4
 Agony                    Necr           0%         N/A       100%        5
 Silence                  Hex/Air        0%         N/A       100%        5
 Summon Mana Viper        Hex/Summ       0%         N/A       100%        5
 Monstrous Menagerie      Summ           0%         N/A       100%        7
 Lehudib's Crystal Spear  Conj/Erth      0%         10d2      100%        8


Dungeon Overview and Level Annotations

Branches:
Dungeon (10/15)            Temple (1/1) D:4            Lair (1/6) D:8
    Orc: D:9-12

Altars:
Ashenzari
Cheibriados
Elyvilon
Gozag
Hepliaklqana
Kikubaaqudgha
Makhleb
Nemelex Xobeh
Okawaru
Qazlal
Ru
Sif Muna
Trog
Vehumet
Wu Jian
Xom
Yredelemnul
Zin
The Shining One
Beogh

Annotations:
Lair:1 Gastronok


Message History

The river rat evaporates and reforms as a gnoll!
The gnoll twists and deforms.
The quokka evaporates and reforms as an endoplasm!
The endoplasm twists and deforms.
You hear a splash.
Gastronok evaporates and reforms as a shard shrike!
Gastronok twists and deforms.
Gastronok is engulfed in a cloud of scalding steam. x2
Unknown command.
Press: ? - help, v - describe, . - travel The floor.
Unknown command.
Press: ? - help, v - describe, . - travel
Here: Gastronok the shard shrike (lightly wounded, misshapen and mutated) Some shallow water.
You draw... (choose one card, ? for their descriptions) a - Velocity
b - the Cloud
c - the Elixir You draw... (choose one card, ? for their descriptions) a - Velocity
b - the Cloud
c - the Elixir You have drawn Velocity.
The endoplasm seems to slow down.
Gastronok claws you! Gastronok freezes you!! You resist.
* * * LOW HITPOINT WARNING * * *
The gnoll hits you but does no damage. The endoplasm closely misses you.
Gastronok claws you.
* * * LOW HITPOINT WARNING * * *
Gastronok freezes you!! You resist.
* * * LOW HITPOINT WARNING * * *
Unknown command.
As you read the scroll of teleportation, it crumbles to dust.
You feel strangely unstable. Gastronok closely misses you.
The gnoll hits you but does no damage.
You draw a card...
You have drawn the Cloud.
Clouds appear around you!
The deck of cards glows with a rainbow of weird colours and disappears.
Gastronok claws you!
You die...
Your body glows with a rainbow of weird colours and disappears.

.#.....#....w÷######.#
##.......
#P....##.÷.÷##
............ #..#..
###..### ...P.......#
#.#.... ##...#
.####....... # .#...
###### ..####.#.#... #
..#.
###.##..≈##....##..
#..#§.≈..≈......#..
#..§§≈≈≈≈≈.≈.......
#@b≈≈≈≈≈≈≈≈.......
##gJ≈≈≈≈≈≈≈≈.......
#§§§≈≈.≈≈≈≈≈≈##....
##≈≈≈[.>≈≈≈≈≈###...
#.≈≈≈≈..≈≈≈.# ##.#
##.≈≈≈≈≈≈≈≈≈.###...
#...≈≈≈≈≈≈≈≈.......
##...≈≈≈≈≈≈≈....###
#.#.≈.≈........###


You could see Gastronok the shard shrike (misshapen), a gnoll (summoned,
misshapen) and an endoplasm (summoned, slow, misshapen).

Vanquished Creatures
  A two-headed ogre (D:9)
  Pikel (D:5)
  A cyclops (D:9)
  A gargoyle (D:10)
  Psyche (D:9)
  2 cane toads (Lair:1)
  A kobold demonologist (D:9)
  A troll (D:9)
  A hornet (D:7)
  Sigmund (D:6)
  12 yaks
  Eustachio (D:6)
  2 wargs (D:8)
  3 steam dragons
  Menkaure (D:4)
  3 water moccasins
  An ice beast (D:4)
  3 orc warriors
  4 wolves (Lair:1)
  An ogre (D:5)
  2 centaurs
  2 phantoms
  4 kobold brigands
  Blork the orc (D:4)
  3 bullfrogs
  A necrophage (D:8)
  2 scorpions
  A wight (D:7)
  12 killer bees
  3 electric eels (D:6)
  Crazy Yiuf (D:4)
  9 orc priests
  2 hounds
  2 jellies
  A gnoll shaman (D:4)
  3 iguanas
  5 orc wizards
  21 gnolls
  6 adders
  A shadow imp (D:8)
  A white imp (D:7)
  3 worms (D:2)
  3 dart slugs
  17 orcs
  7 ball pythons
  6 endoplasms
  2 giant cockroaches
  7 goblins
  13 hobgoblins
  A jackal (D:9)
  2 quokkas
  9 bats
  2 frilled lizards (D:1)
  50 kobolds
  3 rats
250 creatures vanquished.

Vanquished Creatures (collateral kills)
  Harold (D:7)
  3 wights (D:7)
  A river rat (D:7)
5 creatures vanquished.

Vanquished Creatures (others)
  A yak (D:10)
  A killer bee (D:8)
  An orc wizard (D:3)
  5 fungi (Lair:1)
  20 plants
28 creatures vanquished.

Grand Total: 283 creatures vanquished

Notes
Turn   | Place    | Note
-------+----------+-------------------------------------------
     0 | D:1      | hikkokomori the Human Fighter began the quest for the Orb.
     0 | D:1      | Reached XP level 1. HP: 18/18 MP: 1/1
    50 | D:1      | Identified a scroll of acquirement
    50 | D:1      | Acquired the amulet "Fateduy" {Faith rElec rPois rF+++
                  | Dex-3}
   530 | D:1      | Reached XP level 2. HP: 1/24 MP: 2/2
  1142 | D:1      | Reached XP level 3. HP: 27/29 MP: 3/3
  1692 | D:2      | Reached XP level 4. HP: 19/35 MP: 4/4
  2288 | D:3      | Noticed a kobold brigand
  2293 | D:3      | Reached XP level 5. HP: 33/42 MP: 5/5
  2312 | D:3      | Killed a kobold brigand
  2598 | D:3      | Reached XP level 6. HP: 28/48 MP: 6/6
  3090 | D:3      | Reached XP level 7. HP: 25/55 MP: 7/7
  3277 | D:3      | Reached skill level 5 in Shields
  3521 | D:3      | Reached skill level 5 in Armour
  3656 | D:3      | Reached skill level 5 in Fighting
  4132 | D:4      | Found a staircase to the Ecumenical Temple.
  4135 | D:4      | Noticed Menkaure
  4148 | D:4      | Killed Menkaure
  4153 | Temple   | Entered the Ecumenical Temple
  4647 | Temple   | Became a worshipper of Nemelex Xobeh the Trickster
  4861 | D:4      | Found a runed translucent door.
  4862 | D:4      | Noticed Crazy Yiuf
  4919 | D:4      | Reached XP level 8. HP: 33/63 MP: 8/8
  5220 | D:4      | Reached skill level 1 in Invocations
  5349 | D:4      | Reached skill level 1 in Stealth
  5510 | D:4      | Noticed Blork the orc
  5527 | D:4      | HP: 3/63 [Blork the orc/puff of frost (3)]
  5528 | D:4      | Killed Blork the orc
  6292 | D:4      | Killed Crazy Yiuf
  6344 | D:5      | Entered Level 5 of the Dungeon
  6374 | D:4      | Reached skill level 1 in Maces & Flails
  6598 | D:5      | Reached * piety under Nemelex Xobeh
  6599 | D:5      | Noticed Pikel
  6690 | D:5      | Killed Pikel
  6691 | D:5      | Reached XP level 9. HP: 59/70 MP: 9/11
  7360 | D:5      | Noticed a komodo dragon
  7549 | D:6      | Received a gift from Nemelex Xobeh
  7857 | D:6      | Noticed Sigmund
  7872 | D:6      | Killed Sigmund
  8031 | D:6      | Noticed Eustachio
  8040 | D:6      | Killed Eustachio
  8230 | D:6      | Found a sacrificial altar of Ru.
  8244 | D:6      | Reached ** piety under Nemelex Xobeh
  8386 | D:6      | Found a glowing silver altar of Zin.
  8386 | D:6      | Noticed an angel
  8667 | D:7      | Found an opulent altar of Gozag.
  8682 | D:7      | Found a broken altar of Ashenzari.
  8707 | D:7      | Reached skill level 5 in Invocations
  8707 | D:7      | Reached XP level 10. HP: 53/79 MP: 13/13
  8713 | D:7      | Reached skill level 5 in Stealth
  9688 | D:7      | Noticed Harold
  9717 | D:7      | Killed Harold
  9718 | D:7      | Reached skill level 5 in Maces & Flails
 10194 | D:7      | Found a radiant altar of Vehumet.
 10249 | D:7      | Identified the +5 scale mail of the Onion {Contam rElec
                  | Will++}
 10466 | D:8      | Received a gift from Nemelex Xobeh
 10995 | D:8      | Reached skill level 1 in Evocations
 11021 | D:8      | Learned a level 1 spell: Apportation
 11168 | D:8      | Found a staircase to the Lair.
 11203 | D:8      | Reached XP level 11. HP: 65/86 MP: 15/15
 11568 | D:8      | Received a gift from Nemelex Xobeh
 11940 | D:8      | Reached *** piety under Nemelex Xobeh
 12031 | D:9      | Noticed a two-headed ogre
 12034 | D:9      | Killed a two-headed ogre
 12873 | D:9      | Found an iron altar of Okawaru.
 13060 | D:9      | Noticed a two-headed ogre
 13067 | D:9      | Noticed a cyclops
 13067 | D:9      | a two-headed ogre changed into a cyclops
 13083 | D:9      | Killed a cyclops
 13256 | D:9      | Received a gift from Nemelex Xobeh
 13365 | D:9      | Found an ornate altar of the Wu Jian Council.
 13433 | D:9      | Found a bloodstained altar of Trog.
 13485 | D:9      | Noticed Psyche
 13492 | D:9      | Killed Psyche
 13787 | D:10     | Entered Level 10 of the Dungeon
 13915 | D:10     | Noticed a deep elf pyromancer
 14242 | Lair:1   | Entered Level 1 of the Lair of Beasts
 14243 | Lair:1   | Upgraded the game from 0.29-a0-233-g1125b37a9b to
                  | 0.29-a0-234-g0dae59b3db
 14615 | Lair:1   | Noticed Gastronok
 15292 | Lair:1   | Noticed Gastronok
 15292 | Lair:1   | Gastronok changed into Gastronok the shard shrike
 15294 | Lair:1   | HP: 1/89 [Gastronok the shard shrike (19)]
 15296 | Lair:1   | Mangled by Gastronok the shard shrike

Illustrated notes

Levels and vault maps discovered:
D:1:      minmay_arrival_split_and_join, layout_basic
D:2:      minmay_razor_zed, layout_loops_cross, minmay_misc_feat_nine_boxes
D:3:      minmay_goblin_kobold_castle, layout_rooms, kennysheep_orc_chapel
D:4:      layout_loops_cross, minmay_temple_entry_junction, minivault_23,
          uniq_menkaure, uniq_crazy_yiuf_cottage, uniq_blork_the_orc
D:5:      layout_loops_cross, minmay_misc_feat_cross, corner_web_ring,
          uniq_pikel, uniq_duvessa
D:6:      layout_cave_pools, zin_angel, mainiacjoe_overflow_tiny_flanked,
          serial_bayou_lake_a, uniq_sigmund, uniq_eustachio
D:7:      layout_loops_ring, lemuel_crystal_altar, ashenzari_altar_1,
          kennysheep_mini, minmay_manual_mess, uniq_harold
D:8:      layout_loops_corners, erik_lair_orcish_takeover
D:9:      layout_roguey, trog_hazing_becter, okawaru_trees_2,
          nzn_wu_jian_council_hall, hangedman_decor_clover_reticule, uniq_psyche
D:10:     layout_long_grid, grunt_dithmenos_smoke, nicolae_overflow_squiral
Temple:   minmay_temple_curvy_loop
Lair:1:   layout_layer_cave, grunt_megastairs_4, serial_bayou_shore_b,
          infiniplex_staircase_pool_2, uniq_gastronok

Skill      XL: |  1  2  3  4  5  6  7  8  9 10 11 |
---------------+----------------------------------+-----
Fighting       | 4 5 6 7 8 9 |  9.3
Armour         | 4 5 6 7 8 9 |  9.3
Shields        | 4 5 |  5.5
Invocations    | 3 5 6 8 |  8.0
Stealth        | 3 4 6 |  6.0
Maces & Flails | 2 4 5 |  5.1
Evocations     | 1 4 |  4.4
Long Blades    | 4 |  4.8

Action                   |  1- 3 |  4- 6 |  7- 9 | 10-12 || total
-------------------------+-------+-------+-------+-------++-------
Melee: Long sword        |    44 |       |       |       ||    44
       Whip              |    61 |   227 |   423 |   129 ||   840
       Scimitar          |       |       |       |   385 ||   385
Invok: Draw Destruction  |       |       |       |    12 ||    12
       Draw Escape       |       |       |       |     5 ||     5
       Draw Summoning    |       |       |       |     1 ||     1
       Triple Draw       |       |       |       |     1 ||     1
Evoke: Wand              |       |       |       |    14 ||    14
  Use: Scroll            |     1 |       |     3 |    12 ||    16
       Potion            |       |       |     3 |     3 ||     6
 Stab: Sleeping          |       |       |       |     1 ||     1
       Paralysed         |       |       |       |     5 ||     5
Armor: Scale mail        |    68 |    20 |       |   301 ||   389
       Chain mail        |       |   118 |   185 |    36 ||   339
Dodge: Dodged            |    60 |   104 |   125 |   259 ||   548
Block: Buckler           |    27 |    69 |    71 |   155 ||   322

Table legend: (Time is in decaauts)
 A = Elapsed time spent in this place.
 B = Non-inter-level travel time spent in this place.
 C = Inter-level travel time spent in this place.
 D = Time resting spent in this place.
 E = Time spent auto-exploring this place.
 F = Levels seen in this place.
 G = Mean time per level.
                   A        B        C        D        E       F      G
               +--------+--------+--------+--------+--------+-----+--------+
         Total |  15511 |  15069 |    442 |   4586 |   7466 |  12 | 1292.6 |
       Dungeon |  13925 |  13530 |    395 |   3682 |   7108 |  10 | 1392.5 |
        Temple |    511 |    465 |     46 |    273 |    184 |   1 |  511.0 |
          Lair |   1074 |   1074 |      0 |    631 |    174 |   1 | 1074.0 |
               +--------+--------+--------+--------+--------+-----+--------+

Top non-repeatable levels by time:
     D:3: 2386 daAuts
     D:7: 2155 daAuts
     D:9: 2069 daAuts
     D:4: 1996 daAuts
     D:8: 1358 daAuts
     D:1: 1324 daAuts
     D:6: 1130 daAuts
  Lair:1: 1074 daAuts
     D:2: 739 daAuts
     D:5: 604 daAuts
  Temple: 511 daAuts
    D:10: 160 daAuts
